 Dungeon Crawl Stone Soup version 0.31-a0-40-g1d5085d191 (webtiles) character file.

Game seed: 11294664072391797460

2094 IdlyInterested the Cutter (level 9, -2/68 HPs)
             Began as a Demonspawn Wanderer on May 17, 2023.
             Slain by a centaur
             ... wielding a +0 spear of venom
              (9 damage)
             ... on level 6 of the Dungeon.
             The game lasted 00:36:47 (5873 turns).

IdlyInterested the Cutter (Demonspawn Wanderer)     Turns: 5873, Time: 00:36:47

Health: -2/68      AC:  9    Str: 13    XL:     9   Next: 7%
Magic:  9/15       EV: 11    Int: 16    God:
Gold:   242        SH:  0    Dex: 14    Spells: 4/16 levels left

rFire   . . .        A - +1 dagger (elec)
rCold   + + .        (no shield)
rNeg    . . .        l - +2 robe
rPois   .            d - +2 hat of the Ubiquitous God {rC++ Regen+ rCorr SInv}
rElec   .            C - +0 cloak {rCorr}
rCorr   +            (no gloves)
SInv    +            (no boots)
Will    .....        (no amulet)
Stlth   ++           (no ring)
HPRegen 1.11/turn    (no ring)
MPRegen 0.14/turn

%: no passive effects
@: lethally poisoned (-2 -> -3)
A: antennae 2, rugged brown scales 2, demonic guardian 1, demonic magic 1
a: no special abilities


You were on level 6 of the Dungeon.
You visited 1 branch of the dungeon, and saw 6 of its levels.
You also visited: Sewer.

You collected 242 gold pieces.

Inventory:

Hand Weapons
 a - a +2 falchion
 i - a +0 dagger
 t - a +0 rapier
 A - a +1 dagger of electrocution (weapon)
 B - the +1 long sword of Zealous Subterfuge {protect, rElec rPois rCorr Int-4}
   (You found it on level 5 of the Dungeon)

   Int:       It affects your intelligence (-4).
   rElec:     It insulates you from electricity.
   rPois:     It protects you from poison.
   rCorr:     It protects you from acid and corrosion.
 F - a +2 short sword of speed
Missiles
 f - 28 stones
 n - 3 boomerangs
 p - 28 poisoned darts
 r - 3 curare-tipped darts
 y - a throwing net
Armour
 d - the +2 hat of the Ubiquitous God (worn) {rC++ Regen+ rCorr SInv}
   (You acquired it on level 2 of the Dungeon)

   rC:        It greatly protects you from cold.
   SInv:      It lets you see invisible.
   Regen:     It increases your rate of health regeneration.
   rCorr:     It protects you from acid and corrosion.
 e - a +0 scale mail
 g - a +0 leather armour
 j - a +0 ring mail
 l - a +2 robe (worn)
 C - a +0 cloak of preservation (worn)
Wands
 v - a wand of paralysis (9)
 x - a wand of flame (10)
Scrolls
 b - a scroll of fog
 k - 2 scrolls of fear
 m - 8 scrolls of teleportation
 u - a scroll of summoning
 E - a scroll of amnesia
Potions
 c - 2 potions of might
 h - 3 potions of invisibility
 o - a potion of resistance
 q - 2 potions of curing
 s - 2 potions of heal wounds
 z - 2 potions of flight
 D - 2 potions of attraction


   Skills:
 - Level 4.0 Fighting
 * Level 7.2(7.3) Short Blades
 - Level 1.7(4.8) Long Blades
 - Level 1.0 Throwing
 - Level 1.0 Armour
 - Level 1.0 Dodging
 - Level 2.0 Stealth
 - Level 4.0 Spellcasting
 - Level 2.0 Hexes
 + Level 5.3 Summonings
 - Level 2.0 Ice Magic
 - Level 2.6 Earth Magic
 - Level 2.0 Evocations


You had 4 spell levels left.
You knew the following spells:

 Your Spells              Type           Power      Damage    Failure   Level
a - Sandblast             Erth           22%        2d7       5%          1
b - Summon Small Mammal   Summ           80%        N/A       1%          1
c - Call Canine Familiar  Summ           20%        N/A       5%          3
d - Summon Guardian Gole  Hex/Summ       14%        N/A       11%         3
e - Animate Armour        Summ/Erth      32%        N/A       32%         4

Your spell library contained the following spells:

 Spells                   Type           Power      Damage    Failure   Level
 Slow                     Hex            36%        N/A       8%          1
 Confusing Touch          Hex            9%         N/A       22%         3
 Frozen Ramparts          Ice            18%        1d3       22%         3
 Ozocubu's Armour         Ice            9%         N/A       22%         3
 Summon Ice Beast         Ice/Summ       14%        N/A       36%         4
 Vampiric Draining        Necr           3%         2d6       45%         3
 Petrify                  Tmut/Erth      7%         N/A       67%         4
 Ice Form                 Ice/Tmut       6%         N/A       73%         4
 Metabolic Englaciation   Hex/Ice        4%         N/A       90%         5
 Simulacrum               Ice/Necr       3%         N/A       100%        6


Dungeon Overview and Level Annotations

Branches:
Dungeon (6/15)              Sewer (visited)
 Temple: D:4-7

Altars:
Ashenzari
Cheibriados
Gozag
Sif Muna

Annotations:
D:6 Pikel


Innate Abilities, Weirdness & Mutations

You have a pair of antennae on your head.
You are mostly covered in rugged brown scales. (AC +2, +5% HP)
A weak demonic guardian rushes to your aid.
Spells you cast may paralyse adjacent enemies.


Message History

Your ufetubus hits the lemure but does no damage.
Your hound bites the centaur.
The lemure hits you but does no damage. The lemure barely misses your rat.
The lemure barely misses your ufetubus. Pikel closely misses you.
Your rat completely misses the lemure.
The centaur barely misses you.
Your ufetubus completely misses the lemure.
Your ufetubus barely misses the lemure.
Casting: Sandblast (safe; 5% risk of failure)
Confirm with . or Enter, or press ? or * to list all spells.
Aiming: Sandblast (safe; 5% risk of failure)
Press: ? - help, Shift-Dir - straight line, f/p - Pikel
Aim: Pikel, wielding a +2 whip of flaming and wearing a +0 robe of the Archmagi (77% to hit)
The blast of sand hits Pikel.
Pikel is lightly wounded.
Malevolent energies surge around you.
You feel very sick.
Your hound bites the centaur but does no damage.
The centaur barely misses you.
Your quokka bites the lemure but does no damage.
Your ufetubus hits the lemure.
Your ufetubus closely misses the lemure.
Your hound bites the centaur.
The lemure barely misses you. Pikel barely misses you.
The lemure barely misses your ufetubus. The lemure hits your rat.
Your rat dies!
Your rat's corpse disappears in a puff of smoke!
Your quokka closely misses the lemure.
The centaur closely misses you.
Your ufetubus hits the lemure but does no damage.
Your ufetubus hits the lemure.
Your hound barely misses the centaur.
The lemure barely misses your ufetubus. The lemure barely misses you.
Pikel barely misses you.
Casting: Summon Small Mammal (safe; 1% risk of failure)
Press: ? - help, Q - select action, (/) - cycle Dir - look around, f - activate Malevolent energies surge around you.
You feel sick. The centaur barely misses you.
Your ufetubus hits the lemure but does no damage.
Your ufetubus misses the lemure.
Your quokka bites the lemure.
Your hound barely misses the centaur.
The lemure hits you but does no damage.
The centaur hits you from afar with a +0 spear of venom!
You die...

.........#.......
.........#..........#
.......>.#........... .
.........#.[......... .
.........#........... .
......^..............
......)........$....
..............r.# ###
............@555###### ...
...........r5Kch..(...
#####+#+###...............
#...#.#.#.................
#.....#.#.#......##.......
..........##..............
.#..#....###..............
.+..'<....................
.####....#####............


You could see Pikel, 3 lemures, a centaur (ally target), a friendly hound
(summoned), a friendly ufetubus (summoned) and 2 friendly quokkas.

Vanquished Creatures
  Sigmund (D:3)
  A water moccasin (D:5)
  An ice beast (D:6)
  A sky beast (D:6)
  2 black bears
  An ogre (D:6)
  A lemure (D:6)
  7 kobold brigands
  A bullfrog (D:6)
  A scorpion (D:5)
  Crazy Yiuf (D:5)
  5 orc priests
  A sleepcap (D:6)
  An iguana (D:5)
  An orc wizard (D:5)
  3 gnolls (D:4)
  5 adders
  2 river rats (Sewer)
  4 worms
  2 dart slugs
  22 orcs
  11 ball pythons
  11 endoplasms
  4 giant cockroaches
  11 goblins
  9 hobgoblins
  4 jackals
  13 kobolds
  2 quokkas
  A bat (D:1)
  A frilled lizard (D:2)
  10 rats
141 creatures vanquished.

Vanquished Creatures (collateral kills)
  A kobold brigand (Sewer)
  2 scorpions
  An iguana (D:4)
  Terence (D:2)
  A gnoll (D:4)
  3 orcs
  2 endoplasms
  A goblin (D:4)
  A kobold (D:6)
  A rat (Sewer)
14 creatures vanquished.

Grand Total: 155 creatures vanquished

Notes
Turn   | Place    | Note
-------+----------+-------------------------------------------
     0 | D:1      | IdlyInterested the Demonspawn Wanderer began the quest for
                  | the Orb.
     0 | D:1      | IdlyInterested set off with the following items: a +1
                  | falchion, a scroll of fog, a +0 robe; and the following
                  | spell memorised: Sandblast; and the following spells
                  | available to memorise: Animate Armour, Petrify.
     0 | D:1      | Reached XP level 1. HP: 19/19 MP: 2/2
   146 | D:1      | Gained mutation: A weak demonic guardian rushes to your
                  | aid. [demonic ancestry]
   146 | D:1      | Reached XP level 2. HP: 24/25 MP: 2/4
   358 | D:1      | Reached skill level 1 in Armour
   731 | D:2      | Noticed Terence
   746 | D:2      | HP: 1/25 [Terence/+0 flail (11)]
   753 | D:2      | Killed Terence
   754 | D:2      | Gained mutation: You are partially covered in rugged brown
                  | scales. (AC +1, +3% HP) [demonic ancestry]
   754 | D:2      | Reached XP level 3. HP: 15/30 MP: 7/7
   755 | D:2      | Reached skill level 1 in Dodging
   982 | D:2      | Identified a scroll of acquirement
   986 | D:2      | Acquired the +2 hat of the Ubiquitous God {rC++ Regen+
                  | rCorr SInv}
  1098 | D:2      | Found an opulent altar of Gozag.
  1150 | D:2      | Gained mutation: You are mostly covered in rugged brown
                  | scales. (AC +2, +5% HP) [demonic ancestry]
  1150 | D:2      | Reached XP level 4. HP: 30/38 MP: 4/8
  1558 | D:3      | Found a glowing drain.
  1573 | Sewer    | Entered a sewer
  1605 | Sewer    | Reached skill level 1 in Stealth
  1697 | Sewer    | Noticed a kobold brigand
  1746 | Sewer    | Killed a kobold brigand
  1747 | Sewer    | Reached skill level 1 in Throwing
  1747 | Sewer    | Gained mutation: Spells you cast may paralyse adjacent
                  | enemies. [demonic ancestry]
  1747 | Sewer    | Reached XP level 5. HP: 41/44 MP: 8/10
  1751 | Sewer    | Learned a level 1 spell: Summon Small Mammal
  1755 | Sewer    | Learned a level 3 spell: Call Canine Familiar
  1759 | Sewer    | Learned a level 3 spell: Summon Guardian Golem
  1830 | Sewer    | HP: 1/44 [kobold brigand/+0 whip (4)]
  1848 | Sewer    | Reached skill level 1 in Short Blades
  1848 | Sewer    | Reached skill level 1 in Evocations
  1859 | Sewer    | Reached skill level 2 in Short Blades
  1859 | Sewer    | Reached skill level 1 in Summonings
  1859 | Sewer    | Reached XP level 6. HP: 27/50 MP: 10/12
  2099 | Sewer    | Reached skill level 3 in Short Blades
  2099 | Sewer    | Gained mutation: You have a pair of small antennae on your
                  | head. [demonic ancestry]
  2099 | Sewer    | Reached XP level 7. HP: 56/56 MP: 13/13
  2384 | D:3      | Noticed Sigmund
  2389 | D:3      | Killed Sigmund
  2390 | D:3      | Reached skill level 4 in Short Blades
  2424 | D:3      | Found a shimmering blue altar of Sif Muna.
  2680 | D:3      | Learned a level 4 spell: Animate Armour
  2716 | D:3      | Found a faded altar of an unknown god.
  2842 | D:3      | Found a broken altar of Ashenzari.
  2967 | D:3      | Reached skill level 1 in Hexes
  3827 | D:4      | Reached XP level 8. HP: 61/63 MP: 12/14
  3990 | D:4      | Reached skill level 5 in Short Blades
  4295 | D:5      | Entered Level 5 of the Dungeon
  4459 | D:5      | Found a runed translucent door.
  4460 | D:5      | Noticed Crazy Yiuf
  4497 | D:5      | Found a snail-covered altar of Cheibriados.
  4632 | D:5      | Reached skill level 1 in Ice Magic
  5214 | D:5      | Reached skill level 6 in Short Blades
  5329 | D:5      | Identified the +1 long sword of Zealous Subterfuge
                  | {protect, rElec rPois rCorr Int-4}
  5473 | D:5      | Killed Crazy Yiuf
  5739 | D:6      | Reached skill level 5 in Summonings
  5844 | D:6      | Reached skill level 7 in Short Blades
  5844 | D:6      | Gained mutation: You have a pair of antennae on your head.
                  | [demonic ancestry]
  5844 | D:6      | Reached XP level 9. HP: 68/68 MP: 13/15
  5856 | D:6      | Noticed Pikel
  5873 | D:6      | Slain by a centaur

Illustrated notes

Levels and vault maps discovered:
D:1:      dpeg_arrival_brainrot, layout_rooms, nrook_campfire
D:2:      layout_basic, basic_altar, uniq_terence
D:3:      layout_rooms, nicolae_sif_muna_condensation, marbit_many_paths,
          shapermc_ecumenical_altar_notcrosses, cheibrodos_sewer_entry_bend,
          minmay_tree_intersection, minmay_randomly_rotated_circles,
          uniq_sigmund
D:4:      layout_loops_ring
D:5:      layout_loops_corners, nicolae_overflow_crystal_walls,
          uniq_crazy_yiuf_cottage
D:6:      layout_basic, uniq_pikel

Skill      XL: |  1  2  3  4  5  6  7  8 |
---------------+-------------------------+-----
Spellcasting   | 2 3 4 |  4.0
Armour         | 1 |  1.0
Dodging        | 1 |  1.0
Stealth        | 1 2 |  2.0
Throwing       | 1 |  1.0
Short Blades   | 2 3 4 7 |  7.2
Evocations     | 1 2 |  2.0
Summonings     | 1 2 3 5 |  5.3
Hexes          | 2 |  2.0
Ice Magic      | 2 |  2.0
Fighting       | |  4.0
Long Blades    | |  1.7
Earth Magic    | |  2.6

Action                     |  1- 3 |  4- 6 |  7- 9 || total
---------------------------+-------+-------+-------++-------
  Melee: Falchion          |    54 |   131 |    29 ||   214
         Dagger            |       |     8 |   274 ||   282
         Punch             |       |     1 |     5 ||     6
  Throw: Stone             |       |     2 |    12 ||    14
   Cast: Sandblast         |    23 |    32 |    18 ||    73
         Summon Small Mamm |       |       |    68 ||    68
         Call Canine Famil |       |       |     1 ||     1
    Use: Potion            |     1 |     3 |       ||     4
         Scroll            |     6 |     1 |     7 ||    14
   Stab: Sleeping          |     1 |     1 |     6 ||     8
         Distracted        |     1 |       |     1 ||     2
         Paralysed         |       |    19 |    54 ||    73
 Armour: Robe              |     4 |       |   108 ||   112
         Leather armour    |     4 |    58 |    23 ||    85
  Dodge: Dodged            |    35 |    80 |   182 ||   297

Table legend: (Time is in decaauts)
 A = Elapsed time spent in this place.
 B = Non-inter-level travel time spent in this place.
 C = Inter-level travel time spent in this place.
 D = Time resting spent in this place.
 E = Time spent auto-exploring this place.
 F = Levels seen in this place.
 G = Mean time per level.
                   A        B        C        D        E       F      G
               +--------+--------+--------+--------+--------+-----+--------+
         Total |   6054 |   5128 |    926 |    252 |   2780 |   7 |  864.9 |
       Dungeon |   5089 |   4163 |    926 |    210 |   2488 |   6 |  848.2 |
         Sewer |    965 |    965 |      0 |     42 |    292 |   1 |  965.0 |
               +--------+--------+--------+--------+--------+-----+--------+

Top non-repeatable levels by time:
     D:5: 1219 daAuts
     D:4: 1109 daAuts
   Sewer: 965 daAuts
     D:3: 905 daAuts
     D:1: 872 daAuts
     D:2: 812 daAuts
     D:6: 168 daAuts
